 Dungeon Crawl Stone Soup version 0.23.2-33-g5129a83184 (webtiles) character file.

Game seed: 10224942582077290178

169 InsolentOne the Ruffian (level 5, 0/54 HPs)
             Began as a Troll Berserker on Aug 5, 2019.
             Was a Believer of Trog.
             Slain by a gnoll
             ... wielding a +0 halberd
              (5 damage)
             ... on level 3 of the Dungeon.
             The game lasted 00:08:16 (2183 turns).

InsolentOne the Ruffian (Troll Berserker)           Turns: 2183, Time: 00:08:16

Health: 0/54       AC:  6    Str: 25    XL:     5   Next: 25%
Magic:  4/4        EV: 10    Int:  3    God:    Trog [**....]
Gold:   181        SH:  5    Dex: 10    Spells: 4/4 levels left

rFire    . . .     SeeInvis .     - Unarmed
rCold    . . .     Gourm    +   (no shield)
rNeg     + . .     Faith    .   k - +0 robe
rPois    .         Spirit   .   (helmet restricted)
rElec    .         Reflect  +   (no cloak)
rCorr    .         Harm     .   (gloves unavailable)
MR       .....                  (boots unavailable)
Stlth    +.........             p - +5 amulet of reflection
HPRegen  0.58/turn              c - ring of positive energy
MPRegen  0.09/turn              (no ring)

@: no status effects
A: large, unfitting armour, claws 3, fast metabolism 3, gourmand, regeneration
1, shaggy fur 1, tough skin 3
a: Berserk, Trog's Hand, Renounce Religion


You were on level 3 of the Dungeon.
You worshipped Trog.
Trog was pleased with you.
You were very full.

You visited 1 branch of the dungeon, and saw 3 of its levels.

You collected 181 gold pieces.

Inventory:

Hand Weapons
 q - a +0 flail
Missiles
 j - 69 stones (quivered)
 m - 4 tomahawks
Armour
 a - a +0 animal skin
 k - a +0 robe (worn)
 l - +0 gold dragon scales
Jewellery
 c - a ring of positive energy (left claw)
 p - a +5 amulet of reflection (around neck)
Wands
 r - a wand of flame (6)
Scrolls
 d - 5 scrolls of identify {unknown}
 e - 2 scrolls of remove curse {unknown}
 f - a scroll of enchant armour {unknown}
 g - a scroll of random uselessness {unknown}
 h - 2 scrolls of immolation {unknown}
 v - a scroll of magic mapping {unknown}
Potions
 i - a potion of magic {unknown}
 n - a potion of mutation {unknown}
 s - a potion of agility {unknown}
 t - a potion of brilliance {unknown}
 u - a potion of haste {unknown}
Comestibles
 b - 4 rations
 o - 2 chunks of flesh


   Skills:
 * Level 3.6 Fighting
 + Level 1.7 Throwing
 - Level 0.2 Armour
 - Level 2.4 Dodging
 * Level 4.3 Unarmed Combat


You had 4 spell levels left.
You didn't know any spells.
Your spell library was empty.

Dungeon Overview and Level Annotations

Branches:
Dungeon (3/15)

Altars:
Wu Jian


Innate Abilities, Weirdness & Mutations

You are too large for most types of armour.
You have claws for hands.
Your metabolism is lightning-fast.
You like to eat raw meat.
Your natural rate of healing is unusually fast.
You are covered in fur. (AC +1)
You have extremely tough skin. (AC +3)


Message History

The gnoll completely misses you.
The gnoll hits you from afar with a +0 halberd.
* * * LOW HITPOINT WARNING * * *
You swing at nothing.
The gnoll hits you but does no damage. x2
You swing at nothing.
You block the gnoll's attack. The gnoll closely misses you.
The gnoll misses you.
You swing at nothing.
The gnoll hits you but does no damage. The gnoll hits you with a +0 whip!
* * * LOW HITPOINT WARNING * * *
The gnoll hits you from afar with a +0 halberd.
* * * LOW HITPOINT WARNING * * *
You swing at nothing.
The gnoll barely misses you. The gnoll misses you.
You block the gnoll's attack.
You swing at nothing.
The gnoll barely misses you. You block the gnoll's attack.
You swing at nothing.
The gnoll barely misses you. You block the gnoll's attack.
The gnoll closely misses you.
You swing at nothing.
The gnoll hits you from afar with a +0 halberd.
You die...

....#...... ...#.....[ .
.......... ..##+#..........
................
........g.......
.......gg.......#
.......@###.....#.
.......#..........
.......#.......... ##
.................. .#
####..............
.++.....# #.............#
.##.....# #.....).......+
.##.....#####.###...†.....#
#.........#.###.........#


You could see 3 gnolls.

Vanquished Creatures
  A scorpion (D:3)
  Jessica (D:3)
  A worker ant (D:2)
  2 adders
  A worm (D:3)
  2 dart slugs (D:2)
  A leopard gecko (D:2)
  2 orcs (D:3)
  A giant cockroach (D:2)
  7 goblins
  3 hobgoblins
  5 jackals (D:2)
  5 kobolds
  2 ball pythons (D:2)
  7 bats
  2 frilled lizards (D:1)
43 creatures vanquished.

Notes
Turn   | Place    | Note
-------+----------+-------------------------------------------
     0 | D:1      | InsolentOne the Troll Berserker began the quest for the
                  | Orb.
     0 | D:1      | Reached XP level 1. HP: 22/22 MP: 0/0
   852 | D:2      | Noticed a worker ant
   857 | D:2      | Killed a worker ant
   857 | D:2      | Reached XP level 2. HP: 29/29 MP: 1/1
   858 | D:2      | Reached XP level 3. HP: 36/36 MP: 2/2
  1014 | D:2      | Reached skill level 1 in Throwing
  1076 | D:2      | Found a faded altar of an unknown god.
  1513 | D:2      | Reached ** piety under Trog
  1567 | D:2      | Found an ornate altar of the Wu Jian Council.
  1727 | D:2      | Reached XP level 4. HP: 45/45 MP: 3/3
  1957 | D:3      | Noticed Jessica
  1963 | D:3      | Killed Jessica
  1963 | D:3      | Reached skill level 4 in Unarmed Combat
  2072 | D:3      | Reached XP level 5. HP: 26/54 MP: 4/4
  2183 | D:3      | Slain by a gnoll

Skill      XL: |  1  2  3  4 |
---------------+-------------+-----
Throwing       | 1 |  1.7
Fighting       | 3 |  3.6
Unarmed Combat | 4 |  4.3
Armour         | |  0.2
Dodging        | |  2.4

Action                   |  1- 3 |  4- 6 || total
-------------------------+-------+-------++-------
Melee: Unarmed           |    75 |    48 ||   123
       Punch             |       |     1 ||     1
 Stab: Sleeping          |     1 |       ||     1
  Eat: Chunk             |    20 |     5 ||    25
Armor: Animal skin       |    23 |       ||    23
       Robe              |    11 |    19 ||    30
Dodge: Dodged            |    58 |    44 ||   102
Block: Other             |     2 |    27 ||    29
       Reflection        |       |     1 ||     1
